 Dungeon Crawl Stone Soup version 0.31-a0-7-g51783674b7 (webtiles) character file.

Game seed: 13030126018859740558

10446 scionoferis the Spear-Bearer (level 11, -4/104 HPs)
             Began as a Naga Warper on May 5, 2023.
             Was an Elder of Cheibriados.
             Killed from afar by a wretched star (15 damage)
             ... with a lance of force
             ... on level 3 of the Abyss.
             The game lasted 00:50:10 (9917 turns).

scionoferis the Spear-Bearer (Naga Warper)          Turns: 9917, Time: 00:50:11

Health: -4/104     AC: 23    Str: 29    XL:     11   Next: 62%
Magic:  15/15      EV:  9    Int: 20    God:    Cheibriados [****..]
Gold:   215        SH:  0    Dex: 25    Spells: 12/14 levels left

rFire   + . .        Q - +0 halberd
rCold   + + .        (shield currently unavailable)
rNeg    . . .        R - +5 scale mail of Loss {rC++ Str+3 Int-4}
rPois   +            w - +0 helmet
rElec   .            f - +2 cloak {Stlth+}
rCorr   .            v - +0 pair of gloves
SInv    +            y - +0 barding
Will    +....        A - amulet of regeneration
Stlth   +++          k - ring of protection from fire
HPRegen 0.00/turn    I - +6 ring of dexterity
MPRegen 0.14/turn

%: no passive effects
@: inhibited regen, unable to read, very slow
A: AC +3, large, see invisible, deformed body, poison resistance, slowness 2,
spit poison 1, naga tail 1, [screaming 2], [inhibited regeneration], [inability
to read after injury 2]
a: Spit Poison, Renounce Religion, Bend Time, Temporal Distortion, Slouch


You were on level 3 of the Abyss.
You worshipped Cheibriados.
Cheibriados was greatly pleased with you.
You visited 2 branches of the dungeon, and saw 11 of its levels.
You visited the Abyss 1 time.

You collected 805 gold pieces.
You spent 590 gold pieces at shops.


Innate Abilities, Weirdness & Mutations

Your serpentine skin is tough. (AC +3)
You have supernaturally acute eyesight. (SInv)
Armour fits poorly on your strangely shaped body.
Your system is resistant to poisons. (rPois)
You cover ground very slowly.
You can spit poison.
You have a snake-like lower body.
[You frequently scream uncontrollably at your foes.]
[You do not regenerate when monsters are visible.]
[You sometimes lose the ability to read scrolls when taking damage.]


   Skills:
 + Level 8.6 Fighting
 * Level 12.0 Polearms
 - Level 0.8 Throwing
 + Level 4.3 Armour
 + Level 4.6 Dodging
 - Level 5.0 Stealth
 - Level 2.0 Spellcasting
 - Level 5.0 Translocations
 + Level 6.1 Invocations


You had 12 spell levels left.
You knew the following spells:

 Your Spells              Type           Power      Damage    Failure   Level
a - Blink                 Tloc           44%        N/A       6%          2

Your spell library contained the following spells:

 Spells                   Type           Power      Damage    Failure   Level
 Lesser Beckoning         Tloc           44%        N/A       6%          2
 Teleport Other           Tloc           22%        N/A       12%         3
 Magic Dart               Conj           8%         1d3       32%         1
 Slow                     Hex            8%         N/A       32%         1
 Vhi's Electric Charge    Tloc/Air       24%        N/A       34%         3
 Manifold Assault         Tloc           22%        N/A       38%         4
 Call Imp                 Summ           4%         N/A       43%         2
 Confusing Touch          Hex            2%         N/A       67%         3
 Dazzling Flash           Conj/Hex       4%         N/A       67%         3
 Mephitic Cloud           Conj/Pois/Air  2%         N/A       67%         3
 Vampiric Draining        Necr           2%         2d6       67%         3
 Summon Forest            Summ/Tloc      6%         N/A       97%         5
 Agony                    Necr           2%         N/A       100%        5
 Arcjolt                  Conj/Air       1%         1d11      100%        5
 Silence                  Hex/Air        1%         N/A       100%        5
 Eringya's Noxious Bog    Tmut/Pois      1%         N/A       100%        6
 Malign Gateway           Summ/Tloc      6%         N/A       100%        7
 Summon Hydra             Summ           1%         N/A       100%        7
 Maxwell's Capacitive Co  Air            1%         ∞         100%        8
 Summon Horrible Things   Summ           1%         N/A       100%        8

Inventory:

Hand Weapons
 a - a +0 trident
   (You took it off a gnoll sergeant on level 10 of the Dungeon)
 r - a +0 sling
   (You found it on level 2 of the Dungeon)
 C - a +2 arbalest of freezing
   (You took it off an orc warrior on level 9 of the Dungeon)
 Q - a +0 halberd (weapon)
   (You took it off a gnoll on level 4 of the Dungeon)
Missiles
 d - 6 boomerangs of dispersal (quivered)
 g - 28 poisoned darts
 u - 3 boomerangs
 N - 3 curare-tipped darts
Armour
 f - a +2 cloak of stealth (worn)
   (You found it on level 9 of the Dungeon)
 v - a +0 pair of gloves (worn)
   (You found it on level 3 of the Dungeon)
 w - a +0 helmet (worn)
   (You found it on level 3 of the Dungeon)
 y - a +0 barding (worn)
   (You found it on level 4 of the Dungeon)
 B - a +3 leather armour of willpower
   (You took it off Duvessa on level 5 of the Dungeon)
 G - a +1 leather armour of fire resistance
   (You took it off an orc on level 6 of the Dungeon)
 M - a scarf of invisibility
   (You found it on level 7 of the Dungeon)
 P - a +0 kite shield
   (You took it off a gnoll sergeant on level 10 of the Dungeon)
 R - the +5 scale mail of Loss (worn) {rC++ Str+3 Int-4}
   (You bought it in a shop on level 7 of the Dungeon)

   Str:       It affects your strength (+3).
   Int:       It affects your intelligence (-4).
   rC:        It greatly protects you from cold.
 S - a scarf of resistance
   (You bought it in a shop on level 4 of the Dungeon)
Jewellery
 k - a ring of protection from fire (left hand)
   (You found it on level 8 of the Dungeon)
 A - an amulet of regeneration (around neck)
   (You found it on level 4 of the Dungeon)
 F - a ring of protection from cold
   (You found it on level 7 of the Dungeon)
 H - an amulet of faith
   (You found it on level 10 of the Dungeon)
 I - a +6 ring of dexterity (right hand)
   (You found it on level 6 of the Dungeon)
 J - a ring of resist corrosion
   (You found it on level 6 of the Dungeon)
 L - a ring of fire
   (You found it on level 7 of the Dungeon)
Wands
 O - a wand of roots (6)
   (You found it on level 8 of the Dungeon)
Scrolls
 b - a scroll of amnesia
 c - 3 scrolls of blinking
 e - 4 scrolls of magic mapping
 i - a scroll of acquirement
 j - 3 scrolls of fog
 m - a scroll of enchant armour {unknown}
 o - 4 scrolls of fear
 q - 2 scrolls of poison
 s - a scroll of identify
Potions
 h - a potion of flight
 l - 2 potions of ambrosia {unknown}
 n - 6 potions of curing
 t - a potion of might
 x - a potion of haste {unknown}
 z - 2 potions of lignification {unknown}
 D - 2 potions of resistance
 E - a potion of brilliance {unknown}
 K - a potion of berserk rage {unknown}

Dungeon Overview and Level Annotations

Branches:
Dungeon (10/15)            Temple (1/1) D:6            Lair (0/5) D:8
    Orc: D:9-12

Altars:
Ashenzari
Cheibriados
Dithmenos
Elyvilon
Fedhas
Gozag
Hepliaklqana
Kikubaaqudgha
Makhleb
Nemelex Xobeh
Okawaru
Qazlal
Ru
Sif Muna
Trog
Uskayaw
Vehumet
Wu Jian
Xom
Yredelemnul
Zin
The Shining One

Shops:
D:4 *   D:7 [   D:9 !

Annotations:
D:5 dig for loot
D:10 Erica, Maggie

~ #.. # #.
.## # # #.
# .~ . #. .
.~♣~##*
.#.# # #
.#~.# ###
#.# #.# 3
~...####.#
.# .#≈
##.#.3*###
#
##~~#...#.
#@.# # #..
~
#.>.##4####
..#.~##
.###.#. .#
#.~. .## #
#. #.## #.~
# # ###)##
#~ ## # .#
# #. ~ #
#.#. ~ # #.
~


You could see a wretched star, a hellwing and a smoke demon.


Message History

The fire elemental hits you. The fire elemental burns you! You resist.
You barely miss the fire elemental.
The fire elemental is almost destroyed.
The fire bat bites you but does no damage. x2
The fire bat barely misses you. The fire elemental barely misses you.
You hit the fire elemental.
You destroy the fire elemental!
Cheibriados thoroughly appreciates the change of pace.
The fire bat bites you.
You are engulfed in flames.
You resist.
The fire bat bites you but does no damage.
The fire bat barely misses you.
Your Polearms skill increases to level 11!
You barely miss the fire bat.
The fire bat is lightly wounded.
The fire bat bites you.
You are engulfed in flames.
You resist.
The fire bat bites you but does no damage.
You miss the fire bat.
The fire bat is lightly wounded.
The fire bat bites you.
You are engulfed in flames.
You resist. The fire bat completely misses you.
The fire bat bites you but does no damage.
The fire bat closely misses you.
You puncture the fire bat!
The fire bat is moderately wounded.
The fire bat closely misses you. The fire bat bites you.
You are engulfed in flames.
You resist. The fire bat barely misses you.
You barely miss the fire bat.
The fire bat is moderately wounded.
The fire bat bites you but does no damage. x3
You closely miss the fire bat.
The fire bat is moderately wounded.
The fire bat bites you but does no damage. x2
The fire bat barely misses you.
You hit the fire bat.
The fire bat is heavily wounded.
The fire bat closely misses you. The fire bat misses you.
The fire bat closely misses you.
The fire bat bites you but does no damage.
You barely miss the fire bat.
The fire bat is lightly wounded.
The fire bat barely misses you. x2
The fire bat bites you but does no damage.
You hit the fire bat.
The fire bat is heavily wounded.
The fire bat bites you but does no damage. x2
The fire bat closely misses you.
You hit the fire bat.
The fire bat is heavily wounded.
The fire bat bites you.
You are engulfed in flames.
You resist. The fire bat bites you.
You are engulfed in flames.
You resist.
The fire bat bites you but does no damage.
You miss the fire bat.
The fire bat is lightly wounded.
The fire bat barely misses you.
The fire bat bites you but does no damage. x2
The fire bat closely misses you. The fire bat completely misses you.
You puncture the fire bat!
The fire bat is almost dead.
The fire bat bites you.
You are engulfed in flames.
You resist. The fire bat bites you.
You are engulfed in flames.
You resist.
The fire bat bites you but does no damage.
You hit the fire bat but do no damage.
The fire bat is lightly wounded.
The fire bat closely misses you. The fire bat barely misses you. x2
The fire bat bites you.
You are engulfed in flames.
You resist.
You hit the fire bat.
The fire bat is lightly wounded.
The fire bat bites you but does no damage. x3
You hit the fire bat but do no damage.
The fire bat is almost dead.
The fire bat barely misses you.
The fire bat bites you but does no damage. x3
You puncture the fire bat!
The fire bat is heavily wounded.
The fire bat bites you.
You are engulfed in flames.
You resist. The fire bat closely misses you. The fire bat barely misses you.
The fire bat bites you but does no damage.
You puncture the fire bat!
You kill the fire bat!
Cheibriados thoroughly appreciates the change of pace.
The fire bat bites you but does no damage.
The fire bat closely misses you.
You barely miss the fire bat.
The fire bat is almost dead.
The fire bat closely misses you. x2; The fire bat bites you.
You are engulfed in flames.
You resist.
You miss the fire bat.
The fire bat is lightly wounded.
The fire bat closely misses you. The fire bat completely misses you.
You closely miss the fire bat.
The fire bat is almost dead.
The fire bat bites you but does no damage.
You hit the fire bat.
The fire bat is lightly wounded.
The fire bat bites you but does no damage. x2
You hit the fire bat.
You kill the fire bat!
Cheibriados thoroughly appreciates the change of pace.
The fire bat bites you.
You are engulfed in flames.
You resist. The fire bat bites you.
You are engulfed in flames.
You resist.
You hit the fire bat.
The fire bat is moderately wounded.
The fire bat bites you but does no damage.
You closely miss the fire bat.
The fire bat is moderately wounded.
The fire bat bites you.
You are engulfed in flames.
You resist.
You reach to attack!
You puncture the fire bat!
The fire bat is severely wounded.
The fire bat misses you.
You barely miss the fire bat.
The fire bat is severely wounded.
The fire bat bites you but does no damage.
You hit the fire bat.
The fire bat is severely wounded.
The fire bat barely misses you.
The fire bat bites you but does no damage.
You reach to attack!
You barely miss the fire bat.
The fire bat is severely wounded.
The fire bat bites you.
You are engulfed in flames.
You resist.
You puncture the fire bat!
The fire bat is almost dead.
The fire bat barely misses you.
You puncture the fire bat!
You kill the fire bat!
Cheibriados thoroughly appreciates the change of pace.
Training target 5.0 for Translocations reached!
Your Fighting skill increases to level 8!
Your Translocations skill increases to level 5!
No target in view!
You start resting.
HP restored.
Really slither into a travel-excluded area?
You are engulfed in blazing flames.
You resist.
There is an open gate here.
You are engulfed in blazing flames.
You resist.
Really slither into that cloud of flame?
Okay, then.
You are engulfed in blazing flames.
You resist.
You are engulfed in blazing flames.
You resist.
You now have 199 gold pieces (gained 13).
N - 3 curare-tipped darts (gained 2)
You now have 215 gold pieces (gained 16).
There is a transporter here.
You see here a +0 flail.
There is a transporter here.
You enter the transporter and appear at another place.
Things that are here:
a +0 halberd; a +0 halberd; a +0 spear
Items here: ))) [.
There is an escape hatch in the floor here.
Press: ? - help, v - describe, . - travel
Here: pigah's ghost (wandering, hasn't noticed you, fire blocked by a runed translucent door)
The floor.
You start removing your armour.
You continue taking off your +1 leather armour of fire resistance. x4
You finish taking off your +1 leather armour of fire resistance.
You feel less resistant to fire.
You start putting on your armour.
You continue putting on the +5 scale mail of Loss {rC++ Str+3 Int-4}. x3
Pigah's ghost turns its malevolent gaze towards you.
Pigah's ghost says, "Live by the sword, die by the sword."
You continue putting on the +5 scale mail of Loss {rC++ Str+3 Int-4}.
Pigah's ghost says, "Live by the sword, die by the sword."
You continue putting on the +5 scale mail of Loss {rC++ Str+3 Int-4}.
You finish putting on the +5 scale mail of Loss {rC++ Str+3 Int-4}.
You feel stronger.
You feel stupid.
You start removing your armour.
You continue taking off your scarf of resistance. x4
You finish taking off your scarf of resistance.
You feel hot and cold all over.
You start putting on your armour.
You continue putting on your +2 cloak of stealth. x5
You finish putting on your +2 cloak of stealth.
You feel stealthy. As you open the gate, it creaks loudly!
You hit pigah's ghost but do no damage. Pigah's ghost hits you!
You hit pigah's ghost but do no damage. Pigah's ghost hits you.
You closely miss pigah's ghost. Your punch misses pigah's ghost.
Pigah's ghost hits you.
You barely miss pigah's ghost. You hit pigah's ghost but do no damage.
Pigah's ghost hits you but does no damage.
You hit pigah's ghost but do no damage.
Pigah's ghost hits you but does no damage.
You puncture pigah's ghost!
Pigah's ghost is lightly damaged.
Pigah's ghost hits you but does no damage.
You puncture pigah's ghost!
Pigah's ghost is moderately damaged.
Pigah's ghost hits you.
You hit pigah's ghost.
Pigah's ghost is moderately damaged.
You closely miss pigah's ghost.
Pigah's ghost is moderately damaged.
Pigah's ghost hits you but does no damage.
You hit pigah's ghost but do no damage.
Pigah's ghost is moderately damaged.
Pigah's ghost hits you!
You hit pigah's ghost but do no damage.
Pigah's ghost is moderately damaged.
Pigah's ghost hits you but does no damage.
You puncture pigah's ghost!
Pigah's ghost is moderately damaged.
You hit pigah's ghost. You punch pigah's ghost.
Pigah's ghost is heavily damaged.
Pigah's ghost hits you.
You hit pigah's ghost but do no damage.
Pigah's ghost is heavily damaged.
Pigah's ghost hits you but does no damage.
You barely miss pigah's ghost.
Pigah's ghost is heavily damaged.
Pigah's ghost hits you.
You hit pigah's ghost but do no damage.
Pigah's ghost is heavily damaged.
Pigah's ghost hits you but does no damage.
You hit pigah's ghost.
Pigah's ghost is heavily damaged.
You hit pigah's ghost.
Pigah's ghost is heavily damaged.
Pigah's ghost hits you but does no damage.
You miss pigah's ghost.
Pigah's ghost is heavily damaged.
Pigah's ghost hits you but does no damage.
You closely miss pigah's ghost.
Pigah's ghost is heavily damaged.
Pigah's ghost hits you.
You hit pigah's ghost but do no damage.
Pigah's ghost is heavily damaged.
You closely miss pigah's ghost.
Pigah's ghost is heavily damaged.
Pigah's ghost hits you but does no damage.
You hit pigah's ghost.
Pigah's ghost is heavily damaged.
Pigah's ghost hits you but does no damage.
You puncture pigah's ghost!
Pigah's ghost is severely damaged.
Pigah's ghost hits you!
You hit pigah's ghost but do no damage.
Pigah's ghost is severely damaged.
You barely miss pigah's ghost.
Pigah's ghost is severely damaged.
Pigah's ghost closely misses you.
You hit pigah's ghost but do no damage.
Pigah's ghost is severely damaged.
Pigah's ghost hits you.
You hit pigah's ghost but do no damage.
Pigah's ghost is severely damaged.
Pigah's ghost hits you.
You hit pigah's ghost.
Pigah's ghost is severely damaged.
You hit pigah's ghost.
Pigah's ghost is severely damaged.
Pigah's ghost barely misses you.
You barely miss pigah's ghost.
Pigah's ghost is severely damaged.
Pigah's ghost hits you!
You hit pigah's ghost but do no damage.
Pigah's ghost is severely damaged.
You hit pigah's ghost.
Pigah's ghost is almost destroyed.
Pigah's ghost barely misses you.
You hit pigah's ghost but do no damage.
Pigah's ghost is almost destroyed.
Pigah's ghost hits you but does no damage.
You barely miss pigah's ghost.
Pigah's ghost is almost destroyed.
Pigah's ghost barely misses you.
You miss pigah's ghost.
Pigah's ghost is almost destroyed.
You closely miss pigah's ghost.
Pigah's ghost is almost destroyed.
Pigah's ghost barely misses you.
You barely miss pigah's ghost.
Pigah's ghost is almost destroyed.
Pigah's ghost hits you but does no damage.
You hit pigah's ghost.
Pigah's ghost is almost destroyed.
Pigah's ghost hits you but does no damage.
You puncture pigah's ghost!
You destroy pigah's ghost!
Cheibriados thoroughly appreciates the change of pace.
Your Invocations skill increases to level 5!
You have reached level 11!
You start resting.
HP restored.
Press: ? - help, v - describe, . - travel A closed door.
Removed exclusion.
You open the door.
The orc priest shouts!
The orc priest invokes the aid of Beogh against you.
You resist with some effort.
The orc priest shouts!
The orc priest shouts!
You puncture the orc priest!
You kill the orc priest!
Cheibriados appreciates the change of pace.
You reach to attack!
You puncture the orc priest!
You kill the orc priest!
Cheibriados thoroughly appreciates the change of pace.
The orc priest invokes the aid of Beogh against you.
Beogh smites you!
The orc priest invokes the aid of Beogh against you.
Beogh smites you!
You see here a +0 dagger.
The orc priest barely misses you. The orc priest hits you with a +0 club.
Things that are here:
a +0 war axe; a +0 leather armour You hit the orc priest.
The orc priest is moderately wounded.
You puncture the orc priest!
You kill the orc priest!
Cheibriados appreciates the change of pace.
No target in view!
You see here a +0 club.
Things that are here:
a +0 war axe; a +0 leather armour You see here a +0 dagger.
Done exploring.
(D) Dungeon (T) Temple (L) Lair
Where to? (Enter - D:7 @ (x,y), ? - help)
What level of the Dungeon? (default 1, ? - help)
There is an open door here.
You open the door.
There is an open door here.
There is an escape hatch in the floor here.
Items here: ))) [.
Things that are here:
a +0 halberd; a +0 halberd; a +0 spear
There is a stone staircase leading down here.
You climb downwards.
There is a stone staircase leading up here.
You see here a +0 spear.
There is a stone staircase leading down here.
You climb downwards.
There is a stone staircase leading up here.
There is an entrance to Deas's Distillery here.
There is a stone staircase leading down here.
You climb downwards.
Level annotation: Erica; Harold; Maggie
There is a stone staircase leading up here.
There is an open door here.
Found a scroll of immolation.
You open the door.
There is an open door here.
There is a stone staircase leading down here.
As you open the door, it creaks loudly!
There is an open door here.
There is an open door here.
Found a burning altar of Makhleb.
You open the door.
There is an open door here.
Things that are here:
a +0 whip; a +0 ring mail Unknown command.
The yak bellows!
A yak comes into view.
You reach to attack!
You hit the yak.
The yak is lightly wounded.
The yak bellows!
You hit the yak.
The yak is lightly wounded.
You hear a bellow! x3; You hear a shout!
The yak attacks as you move away! The yak gores you. x2
A yak comes into view.
The yak gores you but does no damage. The yak closely misses you.
You puncture the yak!
The yak is heavily wounded.
The yak completely misses you.
The yak bellows!
You puncture the yak!
The yak is severely wounded.
You barely miss the yak.
The yak is severely wounded.
The yak gores you.
Harold shouts!
You hit the yak but do no damage.
The yak is severely wounded.
The yak gores you but does no damage.
Aiming: Spit Poison (1% risk of failure)
Press: ? - help, Shift-Dir - straight line, f - Harold, p - yak
Aim: Harold, wielding a +2 dire flail of protection, wearing a +0 scale mail and quivering 2 throwing nets (78% to hit)
Okay, then.
Unknown command.
Aiming: Fastroot
Press: ? - help, Shift-Dir - straight line, f - yak, p - yak
Aim: a yak The roots erupt in riotous growth!
Roots grab the yak. x3
The grasping roots constrict the yak. x3; The yak escapes! x2
The yak gores you. The yak barely misses you.
Unknown command.
Unknown command.
Aiming: Spit Poison (1% risk of failure)
Press: ? - help, Shift-Dir - straight line, f - yak, p - yak
Aim: a yak (78% to hit)
The splash of poison hits the yak!
The yak is moderately wounded.
The grasping roots constrict the yak.
The roots release their grip on the yak.
The yak gores you but does no damage. The yak closely misses you. x2
You feel very mighty all of a sudden. The yak barely misses you.
The yak gores you but does no damage.
Harold drinks a potion.
Harold flickers and vanishes for a moment.
The yak barely misses you.
You hit the yak.
The yak is almost dead.
The yak gores you but does no damage. x2; The yak closely misses you.
You puncture the yak!
You kill the yak!
Cheibriados appreciates the change of pace.
Reach: a) +0 trident
Press: ? - help, Dir - move target, f - Harold, p - yak
Aim: Harold, wielding a +2 dire flail of protection, wearing a +0 scale mail and quivering 2 throwing nets (slightly transparent, about 21% to evade your +0 trident)
You reach to attack!
You hit Harold.
Harold is lightly wounded.
The yak gores you. The yak gores you but does no damage.
Harold throws a throwing net.
The throwing net hits you.
You become entangled in the net!
You tear a large gash into the net.
The yak gores you but does no damage.
You struggle against the net.
The yak gores you.
The yak gores you but does no damage. x2
You rip the net and break free!
You have got your breath back.
The yak gores you. The yak closely misses you.
The yak gores you but does no damage.
You completely miss the yak. You punch the yak!
The yak is severely wounded.
The yak completely misses you.
The yak gores you but does no damage. x2
You impale the yak!!
You kill the yak!
Cheibriados thoroughly appreciates the change of pace.
The yak gores you.
You puncture Harold!
Harold is moderately wounded.
You puncture Harold!
Harold is moderately wounded.
The yak misses you. The yak gores you but does no damage.
Harold hits you but does no damage.
You completely miss Harold.
Harold is moderately wounded.
The yak gores you but does no damage. x2; Harold closely misses you.
You puncture Harold!
Harold is heavily wounded.
The yak gores you but does no damage. x2; Harold barely misses you.
You impale Harold!!
Harold is severely wounded.
You hit Harold.
Harold is almost dead.
The yak closely misses you. The yak gores you but does no damage.
Harold hits you with a +2 dire flail of protection!
You hit Harold.
Harold is almost dead.
The yak gores you but does no damage. The yak gores you.
Harold hits you with a +2 dire flail of protection!
You hit Harold but do no damage.
Harold is almost dead.
The yak gores you but does no damage. The yak gores you.
Harold points at you and mumbles some strange words.
A sentinel's mark forms upon you.
You puncture Harold!
Harold is almost dead.
The yak barely misses you. x2; Harold hits you but does no damage.
Unknown command.
You puncture Harold!
You kill Harold!
Cheibriados appreciates the change of pace.
Harold groans, "My... family..." and then collapses, dead.
Your Dodging skill increases to level 4!
You hit the yak. You punch the yak.
The yak is moderately wounded.
The yak gores you! The yak gores you but does no damage.
You barely miss the yak.
The yak is moderately wounded.
The yak gores you but does no damage. The yak completely misses you.
The yak gores you.
You impale the yak!!
The yak is severely wounded.
You impale the yak!!
You kill the yak!
Cheibriados thoroughly appreciates the change of pace.
Cheibriados raises the support of your attributes as your movement slows.
The yak gores you but does no damage. x2
You hit the yak.
The yak is lightly wounded.
The yak barely misses you. The yak gores you!
You puncture the yak!
The yak is moderately wounded.
You hit the yak.
The yak is heavily wounded.
The yak gores you! The yak gores you but does no damage.
You hit the yak.
The yak is severely wounded.
The yak gores you but does no damage. The yak completely misses you.
You puncture the yak!
The yak is almost dead.
The yak gores you. x2
You puncture the yak!
You kill the yak!
Cheibriados appreciates the change of pace.
You puncture the yak!
The yak is moderately wounded.
The yak closely misses you.
You completely miss the yak.
The yak is moderately wounded.
The yak gores you but does no damage.
You puncture the yak!
The yak is heavily wounded.
You puncture the yak!
The yak is almost dead.
The yak closely misses you.
You puncture the yak!
You kill the yak!
Cheibriados appreciates the change of pace.
T - a throwing net
Things that are here:
a +2 dire flail of protection; a +0 scale mail; a yak corpse You feel a little less mighty now.
The sentinel's mark upon you fades away.
Things that are here:
a +0 whip; a +0 ring mail
Things that are here:
a +0 flail; a +0 halberd HP restored.
There is a stone staircase leading up here.
You climb upwards.
There is a stone staircase leading down here.
You climb downwards.
Level annotation: Erica, Maggie
There is a stone staircase leading up here.
Things that are here:
a +0 flail; a +0 halberd
Things that are here:
a +0 whip; a +0 ring mail You open the door.
There is an open door here.
You open the door.
Partly explored, can't reach some places.
There is an open door here.
There is an open door here.
There is an open door here.
Press: ? - help, . - travel You can't see that place. [the floor.]
You start removing your armour.
You continue taking off your +2 cloak of stealth. x4
You finish taking off your +2 cloak of stealth.
You feel less stealthy.
You start putting on your armour.
You continue putting on your scarf of resistance. x5
You finish putting on your scarf of resistance.
You feel resistant to extremes of temperature.
Press: ? - help, . - travel You can't see that place. [the floor.] Reduced exclusion size to a single square.
Removed exclusion.
You open the door.
Maggie shouts!
Maggie closely misses you.
Maggie hits you with a +0 war axe of distortion.
Space warps around you.
There is an open door here.
You puncture Maggie!
Maggie is lightly wounded.
Maggie hits you with a +0 war axe of distortion!
You are cast into the Abyss!
This branch contains the abyssal rune of Zot.
Tentacles burst from the starspawn's body! 2 starspawn tentacles come into view.
Press: ? - help, v - describe, . - travel
Here: a tentacled starspawn The floor.
You puncture the tentacled starspawn!
The tentacled starspawn is lightly damaged.
You hit the tentacled starspawn but do no damage.
The tentacled starspawn is lightly damaged.
The tentacled starspawn bites you but does no damage.
The tentacled starspawn tentacle-slaps you but does no damage.
The starspawn tentacle grabs you. The starspawn tentacle constricts you.
You hit the tentacled starspawn but do no damage.
The starspawn tentacle loses its grip on you.
The tentacled starspawn is lightly damaged.
The tentacled starspawn closely misses you.
The tentacled starspawn tentacle-slaps you.
The starspawn tentacle barely misses you.
You barely miss the tentacled starspawn.
The tentacled starspawn is lightly damaged.
The tentacled starspawn bites you!
The tentacled starspawn closely misses you.
The starspawn tentacle grabs you. The starspawn tentacle constricts you.
You hit the tentacled starspawn.
The starspawn tentacle loses its grip on you.
The tentacled starspawn is lightly damaged.
You hit the tentacled starspawn but do no damage.
The tentacled starspawn is lightly damaged.
The tentacled starspawn bites you!!
The tentacled starspawn tentacle-slaps you but does no damage.
The starspawn tentacle closely misses you.
The starspawn tentacle grabs you. The starspawn tentacle constricts you.
You puncture the tentacled starspawn!
The starspawn tentacle loses its grip on you.
The tentacled starspawn is lightly damaged.
The tentacled starspawn bites you.
The tentacled starspawn closely misses you.
The starspawn tentacle grabs you. The starspawn tentacle constricts you.
Unknown command.
You hit the tentacled starspawn.
The starspawn tentacle loses its grip on you.
The tentacled starspawn is moderately damaged.
The tentacled starspawn barely misses you.
The tentacled starspawn tentacle-slaps you.
You completely miss the tentacled starspawn.
The tentacled starspawn is lightly damaged.
The starspawn tentacle grabs you. The starspawn tentacle constricts you.
Unknown command.
Activating: Slouch (17% risk of failure)
Press: ? - help, Dir - look around, f - activate You can feel time thicken for a moment.
Cheibriados lowers the support of your attributes as your movement quickens.
The starspawn tentacle loses its grip on you.
The tentacle pulls you backwards! The starspawn tentacle grabs you.
The starspawn tentacle constricts you.
You barely miss the tentacled starspawn.
The starspawn tentacle loses its grip on you.
The tentacled starspawn is heavily damaged.
The tentacled starspawn bites you.
The tentacled starspawn tentacle-slaps you!
The starspawn tentacle misses you. The starspawn tentacle grabs you.
The starspawn tentacle constricts you.
You escape the starspawn tentacle's grasp.
The starspawn tentacle grabs you. The starspawn tentacle constricts you.
The starspawn tentacle loses its grip on you.
The tentacle pulls you backwards!
The tentacled starspawn bites you but does no damage.
The tentacled starspawn tentacle-slaps you!
The starspawn tentacle grabs you. The starspawn tentacle constricts you.
A starspawn tentacle segment comes into view.
Press: ? - help, v - describe, . - travel
Here: a tentacled starspawn (heavily damaged)
The floor.
You feel very mighty all of a sudden. Something loses its grip on you.
The starspawn tentacle grabs you. The starspawn tentacle constricts you.
Unknown command.
You puncture the tentacled starspawn!
The starspawn tentacle loses its grip on you.
The tentacled starspawn is heavily damaged.
The tentacled starspawn bites you but does no damage.
The tentacled starspawn closely misses you.
The starspawn tentacle completely misses you.
You puncture the tentacled starspawn!
The tentacled starspawn is severely damaged.
The tentacled starspawn completely misses you.
The tentacled starspawn tentacle-slaps you but does no damage.
The starspawn tentacle barely misses you.
You barely miss the tentacled starspawn.
The tentacled starspawn is severely damaged.
You puncture the tentacled starspawn!
The tentacled starspawn is almost destroyed.
The tentacled starspawn bites you!
* * * LOW HITPOINT WARNING * * *
The tentacled starspawn tentacle-slaps you!
* * * LOW HITPOINT WARNING * * *
The starspawn tentacle grabs you. The starspawn tentacle constricts you.
* * * LOW HITPOINT WARNING * * *
You puncture the tentacled starspawn!
You destroy the tentacled starspawn!
Cheibriados appreciates the change of pace.
The starspawn tentacle loses its grip on you.
The starspawn's tentacles wither and die.
Your Armour skill increases to level 4!
You start resting.
Magic restored.
You start resting.
You feel a little less mighty now.
You start resting.
HP restored.
An unseen horror comes into view.
A small abomination comes into view.
The unseen horror moves out of view.
You start removing your armour.
You continue taking off your scarf of resistance. x3
The small abomination misses you.
You continue taking off your scarf of resistance.
The small abomination hits you!
You finish taking off your scarf of resistance.
You feel hot and cold all over.
You hit the small abomination but do no damage.
The small abomination hits you but does no damage.
You puncture the small abomination!
The small abomination is moderately damaged.
The small abomination hits you but does no damage.
You hit the small abomination but do no damage.
The small abomination is moderately damaged.
You hit the small abomination.
The small abomination is heavily damaged.
The small abomination hits you but does no damage.
You puncture the small abomination!
The small abomination is almost destroyed.
The small abomination hits you!
You hit the small abomination.
You destroy the small abomination!
Cheibriados appreciates the change of pace.
The unseen horror hits you but does no damage.
You hit the unseen horror.
The unseen horror is lightly wounded.
The unseen horror hits you.
You reach to attack!
You puncture the unseen horror!
The unseen horror is moderately wounded.
The unseen horror hits you but does no damage.
You puncture the unseen horror!
The unseen horror is heavily wounded.
The unseen horror hits you but does no damage.
You reach to attack!
You puncture the unseen horror!
The unseen horror is severely wounded.
The unseen horror hits you! x2
You hit the unseen horror.
The unseen horror is severely wounded.
The unseen horror barely misses you.
The unseen horror hits you but does no damage.
You puncture the unseen horror!
The unseen horror is almost dead.
The unseen horror hits you but does no damage.
You hit the unseen horror.
You kill the unseen horror!
Cheibriados thoroughly appreciates the change of pace.
You start putting on your armour.
You continue putting on your +2 cloak of stealth. x4
You finish putting on your +2 cloak of stealth.
You feel stealthy.
Unknown command.
You start removing your armour.
You continue taking off the +5 scale mail of Loss {rC++ Str+3 Int-4}. x4
You finish taking off the +5 scale mail of Loss {rC++ Str+3 Int-4}.
You start putting on your armour.
You continue putting on your +3 leather armour of willpower. x5
You finish putting on your +3 leather armour of willpower.
You feel strong-willed.
Keep disrobing? [Y]es or [N]o only, please.
Keep disrobing?
You stop removing your armour.
The white imp shouts!
You barely miss the white imp. The white imp closely misses you.
You hit the white imp.
The white imp is heavily wounded.
The white imp closely misses you.
You hit the white imp.
The white imp is severely wounded.
You hit the white imp.
The white imp is almost dead.
The white imp summons a swarm of flies.
The white imp hits you but does no damage.
You barely miss the white imp.
The white imp is almost dead.
The white imp gestures at you. The puff of frost misses you.
You barely miss the white imp.
The white imp is almost dead.
You hit the white imp.
You kill the white imp!
Cheibriados appreciates the change of pace.
You start removing your armour.
You continue taking off your +3 leather armour of willpower. x2
Keep disrobing?
Uppercase [Y]es or [N]o only, please.
Keep disrobing?
You stop removing your armour.
You start removing your armour.
You continue taking off your +3 leather armour of willpower. x4
You finish taking off your +3 leather armour of willpower.
You feel less strong-willed.
You start putting on your armour.
You continue putting on the +5 scale mail of Loss {rC++ Str+3 Int-4}.
Keep equipping yourself?
You continue putting on the +5 scale mail of Loss {rC++ Str+3 Int-4}. x4
You finish putting on the +5 scale mail of Loss {rC++ Str+3 Int-4}.
You feel stronger.
You feel stupid.
An earth elemental comes into view.
Found a corrupted altar of Lugonu.
Found a corrupted altar of Lugonu.
Unknown command.
A rakshasa comes into view. It is wielding a +0 trident.
A small abomination comes into view.
A large abomination comes into view.
The rakshasa weaves an illusion.
The large abomination hits you. The large abomination hits you!!
Okay, then.
Unknown command.
Okay, then.
Unknown command.
Press: ? - help, v - describe, . - travel
Here: a rakshasa, wielding a +0 trident and wearing a +0 robe The floor.
Press: ? - help, v - describe, . - travel
Here: a large abomination The floor, spattered with blood.
You fade into invisibility!
The large abomination hits you but does no damage.
The rakshasa hits you but does no damage.
Throw: throwing net
Press: ? - help, Q - select action, (/) - cycle Shift-Dir - straight line, f - rakshasa
Aim: a rakshasa, wielding a +0 trident and wearing a +0 robe (57% to hit)
You throw a throwing net.
The throwing net barely misses the rakshasa.
The large abomination closely misses you.
The rakshasa hits you but does no damage.
You hit the rakshasa but do no damage.
The rakshasa hits you but does no damage.
The large abomination hits you!!
You closely miss the rakshasa.
Unknown command.
The rakshasa weaves an illusion.
The rakshasa closely misses you. The rakshasa gestures at you.
The lance of force hits you.
You are knocked back by the lance of force.
You slam into the rock wall!
Okay, then.
Blink to where?
Press: ? - help, Dir - move target, p - rakshasa A small abomination comes into view.
As you read the scroll of blinking, it crumbles to dust.
The small abomination hits you.
The small abomination closely misses you. x2
The small abomination hits you but does no damage.
The small abomination closely misses you.
The small abomination closely misses you.
The small abomination completely misses you.
You flicker for a moment.
The small abomination hits you!
The small abomination completely misses you.
The small abomination hits you but does no damage.
You plunge deeper into the Abyss.
The abyssal rune of Zot can be found at this depth.
The abyssal matter surrounding you shimmers strangely.
You detect the abyssal rune!
You start resting.
You flicker back into view.
You start resting.
A wretched star comes into view.
You start resting.
HP restored.
A rakshasa and a small abomination come into view.
The rakshasa blinks!
Found a gateway leading deeper into the Abyss.
The rakshasa closely misses you.
The rakshasa hits you but does no damage.
The rakshasa hits you but does no damage.
The rakshasa blinks!
The rakshasa blinks!
The rakshasa barely misses you.
The rakshasa blinks! x2
The rakshasa barely misses you.
The rakshasa hits you from afar with a +0 trident.
Okay, then.
Unknown command.
Press: ? - help, v - describe, . - travel
Here: a rakshasa, wielding a +0 trident and wearing a +0 robe The floor.
Okay, then.
The flow of time bends around you.
Cheibriados rebukes the rakshasa.
The rakshasa seems to slow down.
The rakshasa barely misses you.
Q - a +0 halberd (weapon)
You puncture the rakshasa!
The rakshasa is moderately wounded.
The rakshasa hits you with a +0 trident.
You closely miss the rakshasa.
The rakshasa is moderately wounded.
The rakshasa blinks!
You start resting.
HP restored.
You start resting.
A rakshasa is nearby!
You slice the rakshasa!!
The rakshasa is severely wounded.
You slash the rakshasa!
The rakshasa is almost dead.
The rakshasa hits you but does no damage.
You miss the rakshasa.
The rakshasa is almost dead.
The rakshasa hits you but does no damage.
You slash the rakshasa!
You kill the rakshasa!
Cheibriados appreciates the change of pace.
Your Invocations skill increases to level 6!
You start resting.
The small abomination hits you!
You barely miss the small abomination.
The small abomination closely misses you.
You closely miss the small abomination.
The small abomination hits you but does no damage.
You impale the small abomination!!
The small abomination is severely damaged.
The small abomination barely misses you.
You hit the small abomination.
The small abomination is almost destroyed.
The small abomination hits you but does no damage.
You puncture the small abomination!
You destroy the small abomination!
Cheibriados thoroughly appreciates the change of pace.
Your Polearms skill increases to level 12!
You start resting.
HP restored.
Things that are here:
a +0 trident; a +0 robe
There is a gateway leading deeper into the Abyss here.
A small abomination comes into view.
A hellwing comes into view.
A smoke demon comes into view.
There is a gateway leading deeper into the Abyss here.
The hellwing gives a chilling moan.
You hear a chilling moan.
The hellwing barely misses you. The hellwing hits you!
The hellwing closely misses you.
The hellwing hits you but does no damage.
A hellwing comes into view.
The hellwing hits you but does no damage.
The hellwing barely misses you.
You barely miss the hellwing. The hellwing hits you!
The hellwing hits you but does no damage.
You slice the hellwing!!
The hellwing is heavily wounded.
You hear a roar!
The wretched star pulses with an eldritch light!
You occasionally lose the ability to read scrolls when taking damage.
You lose the ability to read scrolls when taking damage more often.
The hellwing barely misses you.
The hellwing hits you but does no damage.
You hear a roar!
You hit the hellwing but do no damage.
The hellwing is heavily wounded.
You hear a chilling moan.
The hellwing swoops through the air toward you!
The hellwing barely misses you.
The hellwing hits you but does no damage.
The hellwing hits you.
The hellwing hits you but does no damage.
You hit the hellwing but do no damage.
The hellwing is heavily wounded.
You puncture the hellwing!
The hellwing is severely wounded.
The hellwing hits you! The hellwing hits you.
The hellwing completely misses you. The hellwing hits you.
You hit the hellwing.
The hellwing is almost dead.
The hellwing closely misses you. The hellwing hits you.
The hellwing closely misses you. The hellwing hits you.
You hit the hellwing.
The hellwing is almost dead.
The wretched star pulses with an eldritch light!
You feel the urge to shout.
You feel a strong urge to scream.
Your regeneration stops near monsters.
The hellwing hits you but does no damage.
The hellwing hits you.
The hellwing hits you but does no damage.
The hellwing closely misses you.
You hit the hellwing but do no damage.
The hellwing is almost dead.
The hellwing barely misses you.
The hellwing hits you but does no damage. x3
You puncture the hellwing!
You kill the hellwing!
Cheibriados thoroughly appreciates the change of pace.
The hellwing hits you!
You feel threatened and lose the ability to read scrolls!
The hellwing barely misses you.
Unknown command.
You cannot read scrolls in your current state!
Unknown command.
Unknown command.
Unknown command.
You hit the hellwing but do no damage. The hellwing barely misses you.
The hellwing hits you but does no damage.
You hit the hellwing but do no damage. The hellwing hits you.
The hellwing closely misses you. The smoke demon gestures at you.
Something smites you!
You puncture the hellwing!
The hellwing is lightly wounded.
The wretched star glows turbulently.
The lance of force hits you!!
* * * LOW HITPOINT WARNING * * *
You are knocked back by the lance of force.
You slam into the crystal wall!
* * * LOW HITPOINT WARNING * * *
The hellwing hits you but does no damage. x2
Okay, then.
You hit the hellwing but do no damage.
The hellwing is lightly wounded.
The hellwing closely misses you.
The hellwing hits you but does no damage.
Unknown command.
You hit the hellwing.
The hellwing is moderately wounded.
The wretched star glows turbulently.
The lance of force hits you!
You die...

Skill      XL: |  1  2  3  4  5  6  7  8  9 10 11 |
---------------+----------------------------------+-----
Stealth        | 1 2 3 4 5 |  5.0
Polearms       | 3 4 5 6 8 10 11 12 | 12.0
Fighting       | 3 4 6 7 8 |  8.6
Invocations    | 3 5 6 |  6.1
Armour         | 2 3 4 |  4.3
Dodging        | 2 3 4 |  4.6
Translocations | 5 |  5.0
Throwing       | |  0.8
Spellcasting   | |  2.0

Action                     |  1- 3 |  4- 6 |  7- 9 | 10-12 || total
---------------------------+-------+-------+-------+-------++-------
  Melee: Spear             |    66 |    46 |     2 |       ||   114
         Quarterstaff      |    31 |   106 |    23 |       ||   160
         Halberd           |       |     1 |   351 |   177 ||   529
         Trident           |       |       |       |   167 ||   167
         Punch             |       |       |       |     3 ||     3
  Throw: Dart              |       |    11 |     7 |    18 ||    36
         Boomerang         |       |       |     1 |     1 ||     2
         Throwing net      |       |       |       |     1 ||     1
 Invoke: Bend Time         |       |       |       |     1 ||     1
         Slouch            |       |       |       |     1 ||     1
Ability: Spit Poison       |    17 |    37 |    34 |    11 ||    99
  Evoke: Wand              |       |       |     1 |     4 ||     5
    Use: Potion            |       |     3 |     3 |     3 ||     9
         Scroll            |       |     5 |     4 |     4 ||    13
   Stab: Sleeping          |     4 |     2 |     7 |     1 ||    14
         Distracted        |       |       |     1 |       ||     1
 Armour: Leather armour    |    19 |    59 |   250 |   139 ||   467
         Scale mail        |       |       |       |    86 ||    86
  Dodge: Dodged            |    35 |    73 |   137 |   195 ||   440

Levels and vault maps discovered:
D:1:      erik_arrival_blinker_ship, layout_rooms
D:2:      layout_basic, dreamdust_ecumenical_altar_drowned_temple
D:3:      layout_basic
D:4:      layout_basic, nicolae_shop_sticking_my_neck_out
D:5:      layout_basic, zin_scriptorium, jmf_multi_god_temple, uniq_duvessa
D:6:      layout_loops_ring, minmay_temple_entry_tees, minmay_misc_feat_pillars
D:7:      gammafunk_cloud_chamber, layout_basic, lemuel_doored_altar,
          nemelex_dance_club_becter, mainiacjoe_overflow_cross_hatched,
          kiku_gazebo_pond_becter, ebering_ghost_rock_garden, serial_shops,
          shop, david_defended_altar_orc
D:8:      layout_cave_pools, mainiacjoe_overflow_paths, nicolae_ru_awakened_eye,
          mainiacjoe_overflow_tiny_flanked, lair_entry_dummy
D:9:      layout_roguey [special_room_orc], kennysheep_mini_moat, serial_shops,
          nicolae_stop_n_shop_1
D:10:     layout_grid_maze, tso_metal_star, mainiacjoe_overflow_brackets,
          uniq_erica, uniq_harold, uniq_maggie
Temple:   nicolae_temple_bog_church
Abyss:3:  base: D:2, base: D:1, nicolae_abyss_rune_left_handed,
          evilmike_abyss_exit_glass

Notes
Turn   | Place    | Note
-------+----------+-------------------------------------------
     0 | D:1      | scionoferis the Naga Warper began the quest for the Orb.
     0 | D:1      | Reached XP level 1. HP: 19/19 MP: 3/3
    49 | D:1      | Reached skill level 1 in Stealth
   116 | D:1      | Reached XP level 2. HP: 21/26 MP: 5/5
   279 | D:1      | Reached skill level 2 in Stealth
   582 | D:1      | Reached XP level 3. HP: 32/32 MP: 6/6
   588 | D:1      | Learned a level 2 spell: Blink
   939 | D:2      | Found a faded altar of an unknown god.
   978 | D:2      | Reached skill level 3 in Stealth
  1378 | D:3      | Reached skill level 3 in Polearms
  1378 | D:3      | Reached XP level 4. HP: 36/40 MP: 7/7
  2232 | D:4      | Reached skill level 4 in Stealth
  2365 | D:4      | Reached XP level 5. HP: 47/48 MP: 8/8
  2411 | D:4      | Reached skill level 3 in Fighting
  2435 | D:4      | Reached skill level 5 in Stealth
  2446 | D:4      | Reached skill level 4 in Polearms
  2699 | D:4      | Found Kadyneer's Neck Hole.
  2788 | D:4      | Reached XP level 6. HP: 44/56 MP: 9/9
  3139 | D:4      | Reached skill level 5 in Polearms
  3188 | D:5      | Entered Level 5 of the Dungeon
  3201 | D:5      | Identified a scroll of acquirement
  3389 | D:5      | Reached skill level 4 in Fighting
  3389 | D:5      | Reached XP level 7. HP: 61/64 MP: 10/10
  3394 | D:5      | Found a stormy altar of Qazlal.
  3394 | D:5      | Found a broken altar of Ashenzari.
  3564 | D:5      | Found a glowing silver altar of Zin.
  3602 | D:5      | Noticed Duvessa
  3642 | D:5      | Killed Duvessa
  3662 | D:5      | Noticed Dowan
  3665 | D:5      | Killed Dowan
  3666 | D:5      | Reached skill level 6 in Polearms
  4033 | D:6      | Reached XP level 8. HP: 70/73 MP: 11/11
  4036 | D:6      | Reached skill level 5 in Fighting
  4067 | D:6      | Reached skill level 7 in Polearms
  4256 | D:6      | Found a staircase to the Ecumenical Temple.
  4270 | Temple   | Entered the Ecumenical Temple
  4477 | Temple   | Became a worshipper of Cheibriados the Contemplative
  4786 | D:6      | Reached skill level 8 in Polearms
  4903 | D:6      | Reached skill level 6 in Fighting
  5010 | D:7      | Found Rynleela's Antique Armour Boutique.
  5038 | D:7      | Found a transporter.
  5108 | D:7      | Found a sparkling altar of Nemelex Xobeh.
  5119 | D:7      | Reached XP level 9. HP: 31/84 MP: 12/12
  5200 | D:7      | Reached skill level 9 in Polearms
  5224 | D:7      | Found a basalt altar of Yredelemnul.
  5253 | D:7      | Reached * piety under Cheibriados
  5254 | D:7      | Reached skill level 1 in Invocations
  5290 | D:7      | Found a runed translucent gate.
  5290 | D:7      | Found a runed translucent gate.
  5290 | D:7      | Found a runed translucent gate.
  5304 | D:7      | Noticed pigah's ghost (novice FoCK)
  5318 | D:7      | Found a transporter.
  5427 | D:7      | Found a shimmering altar of Xom.
  5440 | D:7      | Reached skill level 2 in Invocations
  5640 | D:7      | Found an ancient bone altar of Kikubaaqudgha.
  5735 | D:7      | Reached skill level 1 in Armour
  5773 | D:6      | Reached ** piety under Cheibriados
  5900 | D:7      | Reached skill level 2 in Dodging
  6091 | D:7      | HP: 7/77 [fire bat (3)]
  6096 | D:7      | Reached skill level 7 in Fighting
  6098 | D:7      | Reached skill level 3 in Invocations
  6267 | D:8      | Reached skill level 10 in Polearms
  6295 | D:8      | Found a sacrificial altar of Ru.
  6409 | D:8      | Reached skill level 2 in Armour
  6409 | D:8      | Reached XP level 10. HP: 89/93 MP: 13/13
  6439 | D:8      | Reached skill level 4 in Translocations
  6448 | D:8      | Reached *** piety under Cheibriados
  6509 | D:8      | Found an opulent altar of Gozag.
  6616 | D:8      | Found a staircase to the Lair.
  6776 | D:8      | Found a blossoming altar of Fedhas.
  6999 | D:9      | Found Deas's Distillery.
  7002 | D:9      | Bought a potion of curing for 45 gold pieces
  7069 | D:9      | Reached skill level 3 in Dodging
  7069 | D:9      | Reached skill level 4 in Invocations
  7144 | D:9      | Found a shadowy altar of Dithmenos.
  7371 | D:9      | Paralysed by a hornet for 2 turns
  7740 | D:9      | Reached **** piety under Cheibriados
  7872 | D:10     | Entered Level 10 of the Dungeon
  8269 | D:10     | Noticed Harold
  8303 | D:10     | Noticed Maggie
  8344 | D:10     | Found a glowing golden altar of the Shining One.
  8430 | D:10     | Reached skill level 3 in Armour
  8486 | D:10     | Noticed a two-headed ogre
  8501 | D:10     | Killed a two-headed ogre
  8545 | D:10     | Noticed Erica
  8703 | D:7      | Bought a masterwork scale mail for 225 gold pieces
  8703 | D:7      | Identified the +5 scale mail of Loss {rC++ Str+3 Int-4}
                  | (You bought it in a shop on level 7 of the Dungeon)
  8813 | D:4      | Bought a scarf of resistance for 320 gold pieces
  8937 | D:7      | Reached skill level 11 in Polearms
  8967 | D:7      | Reached skill level 8 in Fighting
  8967 | D:7      | Reached skill level 5 in Translocations
  9102 | D:7      | Killed pigah's ghost
  9103 | D:7      | Reached skill level 5 in Invocations
  9103 | D:7      | Reached XP level 11. HP: 81/103 MP: 14/14
  9268 | D:10     | Found a burning altar of Makhleb.
  9368 | D:10     | Killed Harold
  9369 | D:10     | Reached skill level 4 in Dodging
  9510 | D:10     | You are cast into the Abyss!
  9510 | Abyss:2  | Cast into level 2 of the Abyss (Maggie)
  9530 | Abyss:2  | Noticed a tentacled starspawn
  9557 | Abyss:2  | Killed a tentacled starspawn
  9558 | Abyss:2  | Reached skill level 4 in Armour
  9696 | Abyss:2  | Noticed a large abomination
  9748 | Abyss:2  | Found a corrupted altar of Lugonu.
  9757 | Abyss:2  | Found a corrupted altar of Lugonu.
  9766 | Abyss:2  | Noticed a sixfirhy
  9772 | Abyss:2  | Noticed a rakshasa
  9819 | Abyss:3  | Noticed a wretched star
  9839 | Abyss:3  | Noticed a rakshasa
  9863 | Abyss:3  | Killed a rakshasa
  9864 | Abyss:3  | Reached skill level 6 in Invocations
  9871 | Abyss:3  | Reached skill level 12 in Polearms
  9917 | Abyss:3  | Killed from afar by a wretched star

Vanquished Creatures
  A tentacled starspawn (Abyss:2)
  Harold (D:10)
  A rakshasa (Abyss:3)
  A two-headed ogre (D:10)
  The ghost of pigah the Slasher, a novice FoCK of Xom (D:7)
  An unseen horror (Abyss:2)
  A hellwing (Abyss:3)
  2 trolls (D:9)
  A hornet (D:9)
  5 fire bats (D:7)
  A fire elemental (D:7)
  2 small abominations (Abyss:2 Abyss:3)
  5 yaks (D:10)
  A steam dragon (D:8)
  A water moccasin (D:7)
  Duvessa (D:5)
  5 orc warriors (D:8 D:9)
  A sky beast (D:6)
  An ice beast (D:6)
  An ogre (D:7)
  A black bear (D:8)
  A centaur (D:6)
  A phantom (D:7)
  2 bullfrogs (D:6 D:9)
  3 kobold brigands (D:7)
  A gnoll sergeant (D:10)
  6 scorpions (D:4 D:5 D:6 D:7)
  9 wights (D:6 D:7 D:8)
  Dowan (D:5)
  9 killer bees (D:7 D:8)
  A howler monkey (D:7)
  3 hounds (D:4 D:6)
  7 orc priests (D:8 D:9 D:7)
  3 gnoll boudas (D:5 D:7 D:8)
  2 jellies (D:4 D:7)
  A sleepcap (D:6)
  5 iguanas (D:4 D:5 D:6 D:7)
  9 orc wizards (D:4 D:6 D:8 D:9)
  5 adders (D:2 D:3 D:4 D:5 D:6)
  20 gnolls (D:4 D:5 D:7 D:8 D:10)
  4 shadow imps (D:5 Temple D:6)
  2 white imps (D:6 Abyss:2)
  4 ufetubi (D:4 D:5 D:7)
  2 worms (D:2 D:3)
  2 dart slugs (D:3 D:4)
  49 orcs (D:3 D:4 D:5 D:6 D:7)
  5 bats (D:1 D:2 D:3)
  5 endoplasms (D:1 D:2 D:3 D:7)
  3 giant cockroaches (D:1 D:2)
  6 goblins (D:1 D:2 D:3 D:4)
  8 hobgoblins (D:1 D:3)
  2 jackals (D:5)
  4 quokkas (D:2 D:4 D:5)
  12 ball pythons (D:1 D:2 D:3 D:4)
  2 frilled lizards (D:1)
  18 kobolds (D:1 D:3 D:4 D:7)
  5 rats (D:1 D:2 D:3)
  A spectral kobold (D:2)
258 creatures vanquished.

Vanquished Creatures (others)
  2 starspawn tentacles (Abyss:2)
2 creatures vanquished.

Grand Total: 260 creatures vanquished

Table legend: (Time is in decaauts)
 A = Elapsed time spent in this place.
 B = Non-inter-level travel time spent in this place.
 C = Inter-level travel time spent in this place.
 D = Time resting spent in this place.
 E = Time spent auto-exploring this place.
 F = Levels seen in this place.
 G = Mean time per level.
                   A        B        C        D        E       F      G
               +--------+--------+--------+--------+--------+-----+--------+
         Total |  15398 |  13696 |   1702 |    949 |   8342 |  13 | 1184.5 |
       Dungeon |  14434 |  12774 |   1660 |    830 |   8074 |  10 | 1443.4 |
        Temple |    332 |    290 |     42 |      0 |    268 |   1 |  332.0 |
         Abyss |    632 |    632 |      0 |    118 |      0 |   2 |  316.0 |
               +--------+--------+--------+--------+--------+-----+--------+

Top non-repeatable levels by time:
    D:10: 2293 daAuts
     D:7: 2231 daAuts
     D:9: 1639 daAuts
     D:8: 1469 daAuts
     D:6: 1462 daAuts
     D:4: 1393 daAuts
     D:3: 1160 daAuts
     D:5: 1092 daAuts
     D:1: 895 daAuts
     D:2: 795 daAuts
 Abyss:2: 432 daAuts
  Temple: 332 daAuts
 Abyss:3: 199 daAuts

Table legend:
 A = Non-vault XP
 B = Vault XP
 C = Vault XP percentage of total XP
 D = Non-vault monster count
 E = Vault monster count
 F = Vault count percentage of total count
                 A         B        C        D         E       F
            +---------+---------+-------+---------+---------+-------
      Total |   11275 |    3648 |  24.4 |     213 |      45 |  17.4
            +---------+---------+-------+---------+---------+-------
        D:1 |      39 |       0 |   0.0 |      24 |       0 |   0.0
        D:2 |      34 |       1 |   2.9 |      12 |       1 |   7.7
        D:3 |      43 |       0 |   0.0 |      15 |       0 |   0.0
        D:4 |     398 |       0 |   0.0 |      31 |       0 |   0.0
        D:5 |     279 |     220 |  44.1 |      14 |       4 |  22.2
        D:6 |    1127 |       0 |   0.0 |      26 |       0 |   0.0
        D:7 |    1370 |    2045 |  59.9 |      38 |      12 |  24.0
        D:8 |    1357 |       0 |   0.0 |      26 |       0 |   0.0
        D:9 |    1172 |     506 |  30.2 |       7 |      27 |  79.4
       D:10 |    1952 |     876 |  31.0 |      12 |       1 |   7.7
     Temple |      11 |       0 |   0.0 |       1 |       0 |   0.0
    Abyss:2 |    2117 |       0 |   0.0 |       4 |       0 |   0.0
    Abyss:3 |    1376 |       0 |   0.0 |       3 |       0 |   0.0
            +---------+---------+-------+---------+---------+-------
